 Dungeon Sprint DCSS version 0.30-a0-1160-g6e42c06551 (webtiles) character file.

Game seed: 4608860452952149202

11113 Conn the Eclecticist (level 11, -5/67 HPs)
             Began as an Octopode Fire Elementalist on Apr 25, 2023.
             Was the Champion of Sif Muna.
             Engulfed by a cloud of flame (30 damage)
             ... in the Dungeon (Sprint I: "Red Sonja").
             The game lasted 00:37:59 (2611 turns).

Conn the Eclecticist (Octopode Fire Elementalist)   Turns: 2611, Time: 00:38:06

Health: -5/67      AC:  1    Str:  8    XL:     11   Next: 72%
Magic:  31/43      EV: 13    Int: 18    God:    Sif Muna [******]
Gold:   246        SH:  4    Dex: 11    Spells: 10/44 levels left

rFire   . . .        l - +4 whip of Qudgh {speed, rPois Will+ Int-3}
rCold   + . .        h - +0 buckler of Boxeuce {rC+}
rNeg    . . .        (helmet restricted)
rPois   +            (no amulet)
rElec   .            m - ring of magical power
rCorr   .            n - ring of magical power
SInv    .            (no ring)
Will    +....        (no ring)
Stlth   ++++         (no ring)
HPRegen 0.31/turn    (no ring)
MPRegen 0.28/turn    (no ring)
                     (no ring)

%: no teleportation
@: no status effects
A: almost no armour, amphibious, 8 rings, camouflage 1, gelatinous body 1,
(nimble swimmer 1), tentacles, clumsy 1, low MP 2, mutation resistance 1
a: Renounce Religion, Channel Magic, Forget Spell, Divine Exegesis


You were in the Dungeon.
You worshipped Sif Muna.
Sif Muna was exalted by your worship.
You visited 1 branch You collected 1674 gold pieces.
You spent 1428 gold pieces at shops.

Inventory:

Hand Weapons
 g - a +0 dagger
 i - a +3 short sword of venom
 l - the +4 whip of Qudgh (weapon) {speed, rPois Will+ Int-3}
   (You bought it in a shop in the Dungeon)

   Int:       It affects your intelligence (-3).
   rPois:     It protects you from poison.
   Will:      It increases your willpower.
 o - the +0 lajatang "Orb Guardian's Death" {heavy, Drain rCorr Str+6 Dex+3}
   (You bought it in a shop in the Dungeon)

   Str:       It affects your strength (+6).
   Dex:       It affects your dexterity (+3).
   rCorr:     It protects you from acid and corrosion.
   Drain:     It drains your maximum health when unequipped.
Missiles
 j - 4 curare-tipped darts (quivered)
Armour
 h - the +0 buckler of Boxeuce (worn) {rC+}
   (You bought it in a shop in the Dungeon)

   rC:        It protects you from cold.
Jewellery
 m - a ring of magical power (left tentacle)
 n - a ring of magical power (right tentacle)
Wands
 e - a wand of roots (9)
 p - a wand of charming (5)
Scrolls
 f - a scroll of blinking
 k - a scroll of amnesia
 q - a scroll of butterflies
 r - a scroll of identify
Potions
 a - 3 potions of magic
 b - 3 potions of curing
 c - a potion of heal wounds
 d - a potion of haste


   Skills:
 + Level 3.0 Fighting
 + Level 2.1 Short Blades
 + Level 2.3 Throwing
 + Level 5.0 Dodging
 - Level 5.8 Stealth
 * Level 2.7 Shields
 + Level 1.0 Unarmed Combat
 + Level 17.0 Spellcasting
 * Level 11.6 Conjurations
 + Level 4.2 Hexes
 * Level 5.5 Summonings
 * Level 2.6 Translocations
 + Level 14.8 Fire Magic
 + Level 0.3 Air Magic
 * Level 5.5 Invocations


You had 10 spell levels left.
You knew the following spells:

 Your Spells              Type           Power      Damage    Failure   Level
a - Foxfire               Conj/Fire      100%       2x1d9     1%          1
b - Scorch                Fire           100%       2d9       1%          2
c - Inner Flame           Hex/Fire       49%        N/A       1%          3
d - Flame Wave            Conj/Fire      58%        2d14      1%          4
e - Fireball              Conj/Fire      29%        3d13      1%          5
f - Iskenderun's Mystic   Conj/Tloc      41%        2d9       3%          4
g - Swiftness             Air            16%        N/A       16%         3
h - Spellforged Servitor  Conj/Summ      23%        N/A       83%         7
i - Summon Guardian Gole  Hex/Summ       33%        N/A       2%          3
j - Blink                 Tloc           48%        N/A       3%          2

Your spell library contained the following spells:

 Spells                   Type           Power      Damage    Failure   Level
 Shock                    Conj/Air       100%       1d9       1%          1
 Momentum Strike          Conj/Tloc      82%        3d10      1%          2
 Dazzling Flash           Conj/Hex       88%        N/A       1%          3
 Volatile Blastmotes      Fire/Tloc      92%        2d17      1%          3
 Fulminant Prism          Conj/Hex       22%        3d12      2%          4
 Lesser Beckoning         Tloc           48%        N/A       3%          2
 Cause Fear               Hex            15%        N/A       11%         4
 Arcjolt                  Conj/Air       18%        1d28      14%         5
 Leda's Liquefaction      Hex/Erth       11%        N/A       26%         4
 Airstrike                Air            8%         2d(2-18)  45%         4
 Ice Form                 Ice/Tmut       15%        N/A       52%         4
 Silence                  Hex/Air        11%        N/A       54%         5
 Metabolic Englaciation   Hex/Ice        11%        N/A       56%         5
 Eringya's Noxious Bog    Tmut/Pois      7%         N/A       100%        6
 Dragon Form              Tmut           7%         N/A       100%        7
 Disjunction              Tloc           12%        N/A       100%        8
 Dragon's Call            Summ           17%        N/A       100%        9


Dungeon Overview and Level Annotations

Branches:
Dungeon (1/1)

Altars:
Cheibriados
Dithmenos
Elyvilon
Fedhas
Gozag
Hepliaklqana
Kikubaaqudgha
Makhleb
Nemelex Xobeh
Okawaru
Qazlal
Ru
Sif Muna
Trog
Uskayaw
Vehumet
Wu Jian
Xom
Yredelemnul
Zin
The Shining One
Jiyva
Lugonu

Shops:
D (:*=:[!:[((([[=((?[[!


Innate Abilities, Weirdness & Mutations

You cannot wear most types of armour.
You are amphibious.
You can wear up to eight rings at the same time.
Your skin changes colour to match your surroundings (Stealth+).
Your rubbery body absorbs attacks. (AC +1, EV +1)
((You are camouflaged when in or above water. (Stealth+)))
You have tentacles for arms and can constrict up to eight enemies at once.
You are clumsy. (Dex -2)
Your magical capacity is very low. (-20% MP)
You are somewhat resistant to further mutation.


Message History

t - Shout!
Orders for allies: a - Attack new target. r - Retreat! s - Stop attacking. g - Guard the area. f - Follow me.
Anything else - Cancel.
Guard this area!
The hog barely misses your guardian golem.
The hog bites your guardian golem but does no damage.
The hog bites your guardian golem but does no damage.
Something bites your guardian golem but does no damage.
Casting: Scorch (safe; 1% risk of failure)
Confirm with . or Enter, or press ? or * to list all spells.
Flames lash the hog.
The hog is moderately wounded.
The hog's fire resistance burns away.
Casting: Scorch (safe; 1% risk of failure)
Confirm with . or Enter, or press ? or * to list all spells.
Casting: Flame Wave (safe; 1% risk of failure)
Press: ? - help, Dir - look around, f - activate A wave of flame ripples out!
The flame wave engulfs the hog!!
The hog is burned terribly!
You kill the hog!
Sif Muna accepts your kill.
You see here Sif Muna's Handbook of the Helpful Lungs {god gift}.
Sif Muna grants you a gift! (Press . to intensify the flame waves.)
A wave of flame ripples out!
The flame wave engulfs the hog.
Flame seeps out of the hog.
The hog is lightly wounded.
The hog is engulfed in blazing flames.
Flame seeps out of the hog.
Unknown command.
Unknown command.
A wave of flame ripples out!
The flame wave engulfs the hog!
Sif Muna accepts your kill.
You finish channelling waves of flame.
The hog explodes!
The fiery explosion engulfs you!!!
Ouch! That really hurt!
You are engulfed in blazing flames.
You die...

#################################
'..#..'..#__#..'...#..#.h§§'.hhhh
#..)..#..'..'))#§§§##'#§####hhhhh
##'#####'#__####@†○'..#§# hh
#..#...#.####§.#####§.'.# #
####..##§#§§§.§#§§##'####
___##'#_§§§~~..'§§#.)...#
∩...'..._#~~§..#§§#.....+
.__##_.#'##)#####§###○°.#
___###'#[#[..)###.'.#.°○#
######.####'###(###.#..##
....'...'.....'.∩##.#○.#


There were no monsters in sight!

Vanquished Creatures
  2 centaur warriors (D)
  Sonja (D)
  A lindwurm (D)
  A deep troll (D)
  An oklob plant (D)
  8 shining eyes (D)
  4 demonic crawlers (D)
  2 unseen horrors (D)
  2 kobold demonologists (D)
  A hornet (D)
  A slime creature (D)
  Sigmund (D)
  A yak (D)
  2 hogs (D)
  2 redbacks (D)
  6 floating eyes (D)
  An ogre (D)
  7 necrophages (D)
  8 jellies (D)
  Ijyb (D)
  2 ballistomycete spores (D)
55 creatures vanquished.

Vanquished Creatures (others)
  A gargoyle (D)
  59 foxfires (D)
60 creatures vanquished.

Grand Total: 115 creatures vanquished

Notes
Turn   | Place    | Note
-------+----------+-------------------------------------------
     0 | D        | Conn the Octopode Fire Elementalist began the quest for the
                  | Orb.
     0 | D        | Reached XP level 1. HP: 11/11 MP: 3/3
     2 | D        | Noticed Ijyb
    13 | D        | Killed Ijyb
    14 | D        | Reached skill level 3 in Spellcasting
    14 | D        | Reached XP level 2. HP: 9/17 MP: 0/6
    14 | D        | Reached XP level 3. HP: 12/21 MP: 0/7
    65 | D        | Learned a level 2 spell: Scorch
    69 | D        | Learned a level 3 spell: Inner Flame
    74 | D        | Noticed an ogre
    80 | D        | Killed an ogre
    81 | D        | Reached skill level 5 in Spellcasting
    81 | D        | Reached XP level 4. HP: 27/27 MP: 2/11
    90 | D        | Learned a level 4 spell: Flame Wave
   162 | D        | Noticed Sigmund
   167 | D        | Killed Sigmund
   168 | D        | Reached skill level 1 in Fighting
   168 | D        | Reached skill level 6 in Spellcasting
   168 | D        | Reached XP level 5. HP: 27/33 MP: 4/14
   168 | D        | Reached XP level 6. HP: 31/38 MP: 4/15
   254 | D        | Found an ornate altar of the Wu Jian Council.
   254 | D        | Found a shimmering blue altar of Sif Muna.
   256 | D        | Found a radiant altar of Vehumet.
   260 | D        | Reached skill level 7 in Spellcasting
   260 | D        | Reached skill level 5 in Conjurations
   266 | D        | Became a worshipper of Sif Muna the Loreminder
   295 | D        | Found Facw's Jewellery Emporium.
   295 | D        | Found an ancient bone altar of Kikubaaqudgha.
   295 | D        | Found a hazy altar of Hepliaklqana.
   295 | D        | Found a stormy altar of Qazlal.
   295 | D        | Found a hide-covered altar of Uskayaw.
   295 | D        | Found a blossoming altar of Fedhas.
   295 | D        | Found a bloodstained altar of Trog.
   295 | D        | Found an iron altar of Okawaru.
   295 | D        | Found a basalt altar of Yredelemnul.
   295 | D        | Found a glowing golden altar of the Shining One.
   295 | D        | Found a snail-covered altar of Cheibriados.
   295 | D        | Found a sacrificial altar of Ru.
   295 | D        | Found a glowing silver altar of Zin.
   295 | D        | Found a shadowy altar of Dithmenos.
   295 | D        | Found a white marble altar of Elyvilon.
   295 | D        | Noticed a yak
   299 | D        | Killed a yak
   300 | D        | Reached skill level 5 in Stealth
   300 | D        | Reached skill level 8 in Spellcasting
   300 | D        | Reached XP level 7. HP: 43/43 MP: 6/18
   301 | D        | Found an opulent altar of Gozag.
   302 | D        | Found a sparkling altar of Nemelex Xobeh.
   388 | D        | Found a burning altar of Makhleb.
   388 | D        | Found a viscous altar of Jiyva.
   388 | D        | Found a shimmering altar of Xom.
   388 | D        | Found a corrupted altar of Lugonu.
   388 | D        | Noticed a slime creature
   393 | D        | Killed a slime creature
   394 | D        | Reached skill level 9 in Spellcasting
   476 | D        | Noticed a kobold demonologist
   477 | D        | Noticed a kobold demonologist
   478 | D        | Paralysed by a floating eye for 3 turns
   480 | D        | Noticed an orange demon
   484 | D        | Reached * piety under Sif Muna
   484 | D        | Killed a kobold demonologist
   485 | D        | Reached skill level 10 in Spellcasting
   485 | D        | Reached skill level 10 in Fire Magic
   485 | D        | Reached XP level 8. HP: 50/50 MP: 16/22
   488 | D        | Killed a kobold demonologist
   489 | D        | Reached skill level 11 in Spellcasting
   593 | D        | Noticed Sonja
   595 | D        | Killed Sonja
   595 | D        | Reached ** piety under Sif Muna
   596 | D        | Reached skill level 1 in Unarmed Combat
   596 | D        | Reached skill level 12 in Spellcasting
   596 | D        | Reached XP level 9. HP: 55/55 MP: 16/25
   702 | D        | Found Ewkau's Weapon Boutique.
   722 | D        | Noticed a deep troll
   733 | D        | Killed a deep troll
   734 | D        | Reached skill level 1 in Hexes
   747 | D        | Found Cicoeg's Armour Emporium.
   818 | D        | Bought a ring of magical power for 240 gold pieces
   889 | D        | Noticed a centaur warrior
   893 | D        | Noticed a centaur warrior
   896 | D        | Killed a centaur warrior
   897 | D        | Reached skill level 13 in Spellcasting
   898 | D        | Killed a centaur warrior
   899 | D        | Reached skill level 1 in Throwing
   899 | D        | Reached skill level 14 in Spellcasting
   899 | D        | Reached XP level 10. HP: 38/61 MP: 20/28
  1029 | D        | Reached *** piety under Sif Muna
  1048 | D        | Noticed an oklob plant
  1145 | D        | Killed an oklob plant
  1146 | D        | Reached skill level 15 in Spellcasting
  1358 | D        | Killed an unseen horror
  1358 | D        | Reached **** piety under Sif Muna
  1362 | D        | Killed an unseen horror
  1363 | D        | Reached skill level 1 in Short Blades
  1479 | D        | Paralysed by a floating eye for 2 turns
  1493 | D        | Reached ***** piety under Sif Muna
  1493 | D        | Received a gift from Sif Muna
  1497 | D        | Received a gift from Sif Muna
  1504 | D        | Reached skill level 16 in Spellcasting
  1508 | D        | Got Jopagov's Dissertation on Conduction and Injury {god
                  | gift}
  1508 | D        | Got Sif Muna's Tome of Trauma {god gift}
  1536 | D        | Learned a level 5 spell: Fireball
  1541 | D        | Learned a level 4 spell: Iskenderun's Mystic Blast
  1545 | D        | Learned a level 3 spell: Swiftness
  1553 | D        | Learned a level 7 spell: Spellforged Servitor
  1629 | D        | Noticed a shining eye
  1629 | D        | Noticed a shining eye
  1629 | D        | Noticed a shining eye
  1639 | D        | Killed a shining eye
  1640 | D        | Reached skill level 5 in Dodging
  1640 | D        | Reached skill level 10 in Conjurations
  1642 | D        | Noticed a shining eye
  1644 | D        | Gained mutation: You sometimes lose your temper in combat.
                  | [a shining eye]
  1732 | D        | Gained mutation: You occasionally shout uncontrollably at
                  | your foes. [a shining eye]
  1735 | D        | Gained mutation: Your magical capacity is low. (-10% MP) [a
                  | shining eye]
  1736 | D        | Killed a shining eye
  1737 | D        | Reached skill level 1 in Invocations
  1737 | D        | Reached XP level 11. HP: 66/66 MP: 26/28
  1801 | D        | Noticed a shining eye
  1801 | D        | Gained mutation: Your magical capacity is very low. (-20%
                  | MP) [a shining eye]
  1804 | D        | Gained mutation: You are clumsy. (Dex -2) [a shining eye]
  1805 | D        | Gained mutation: Your magical capacity is extremely low.
                  | (-30% MP) [a shining eye]
  1806 | D        | Killed a shining eye
  1806 | D        | Received a gift from Sif Muna
  1806 | D        | Noticed a shining eye
  1807 | D        | Killed a shining eye
  1809 | D        | Got Sif Muna's Textbook on Transmuted Fascination {god
                  | gift}
  1814 | D        | Learned a level 3 spell: Summon Guardian Golem
  1909 | D        | Gained mutation: You occasionally lose the ability to drink
                  | potions when taking damage. [a shining eye]
  1920 | D        | Killed a shining eye
  1921 | D        | Killed a shining eye
  1921 | D        | Reached ****** piety under Sif Muna
  2008 | D        | Noticed a shining eye
  2014 | D        | Gained mutation: You sometimes lose the ability to drink
                  | potions when taking damage. [a shining eye]
  2017 | D        | Killed a shining eye
  2018 | D        | Killed a shining eye
  2018 | D        | Received a gift from Sif Muna
  2021 | D        | Got Sif Muna's Papyrus of the Moving Whammy {god gift}
  2031 | D        | Found Dicyat's Book Shop.
  2031 | D        | Found Baigoso's Book Shoppe.
  2031 | D        | Found Gygownupt's Armour Boutique.
  2031 | D        | Found Notof's Assorted Antiques.
  2044 | D        | Bought a purple potion for 18 gold pieces
  2044 | D        | Bought an amethyst potion for 18 gold pieces
  2046 | D        | Bought a book of Spatial Translocations for 180 gold pieces
  2049 | D        | Learned a level 2 spell: Blink
  2127 | D        | Found Qapu's Magic Scroll Boutique.
  2127 | D        | Found Rydiwk's Distillery.
  2127 | D        | Found Jixzuav's Armour Emporium.
  2129 | D        | Found Ywiluij's Weapon Boutique.
  2129 | D        | Found Heekotsoa's Antique Weapon Shoppe.
  2129 | D        | Found Durophebb's Jewellery Shop.
  2129 | D        | Found Upreq's Antique Armour Emporium.
  2129 | D        | Found Tiejah's Antique Armour Boutique.
  2129 | D        | Found Butuc's Antique Weapon Shoppe.
  2129 | D        | Found Duqetygguf's Weapon Shop.
  2135 | D        | Found Mewuyng's Antique Weapon Emporium.
  2136 | D        | Found Gymaowah's Antique Armour Boutique.
  2136 | D        | Found Xaklit's Book Shoppe.
  2137 | D        | Found Daiclittic's Distillery.
  2157 | D        | Bought a potion of mutation for 80 gold pieces
  2157 | D        | Bought a potion of mutation for 80 gold pieces
  2157 | D        | Lost mutation: You sometimes lose the ability to drink
                  | potions when taking damage. [potion of mutation]
  2157 | D        | Lost mutation: You sometimes lose your temper in combat.
                  | [potion of mutation]
  2157 | D        | Lost mutation: You occasionally shout uncontrollably at
                  | your foes. [potion of mutation]
  2157 | D        | Lost mutation: You occasionally lose the ability to drink
                  | potions when taking damage. [potion of mutation]
  2157 | D        | Gained mutation: You occasionally lose the ability to read
                  | scrolls when taking damage. [potion of mutation]
  2158 | D        | Lost mutation: Your magical capacity is extremely low.
                  | (-30% MP) [potion of mutation]
  2158 | D        | Lost mutation: You occasionally lose the ability to read
                  | scrolls when taking damage. [potion of mutation]
  2158 | D        | Gained mutation: You are somewhat resistant to further
                  | mutation. [potion of mutation]
  2169 | D        | Bought a steaming buckler for 218 gold pieces
  2169 | D        | Identified the +0 buckler of Boxeuce {rC+} (You bought it
                  | in a shop in the Dungeon)
  2189 | D        | Bought a scroll of butterflies for 44 gold pieces
  2255 | D        | Bought a translucent whip for 150 gold pieces
  2255 | D        | Identified the +4 whip of Qudgh {speed, rPois Will+ Int-3}
                  | (You bought it in a shop in the Dungeon)
  2273 | D        | Bought a pitted lajatang for 400 gold pieces
  2273 | D        | Identified the +0 lajatang "Orb Guardian's Death" {heavy,
                  | Drain rCorr Str+6 Dex+3} (You bought it in a shop in the
                  | Dungeon)
  2320 | D        | Reached skill level 1 in Shields
  2320 | D        | Reached skill level 1 in Translocations
  2323 | D        | Reached skill level 5 in Summonings
  2326 | D        | Reached skill level 5 in Invocations
  2566 | D        | Noticed a lindwurm
  2575 | D        | Killed a lindwurm
  2576 | D        | Reached skill level 17 in Spellcasting
  2609 | D        | Received a gift from Sif Muna
  2611 | D        | Engulfed by a cloud of flame

Illustrated notes

Levels and vault maps discovered:
D:        dungeon_sprint_1 [red_sonja_temple_1, red_sonja_temple_small_1]

Skill      XL: |  1  2  3  4  5  6  7  8  9 10 11 |
---------------+----------------------------------+-----
Stealth        | 3 4 5 |  5.8
Spellcasting   | 3 5 6 8 10 12 14 16 17 | 17.0
Conjurations   | 2 3 4 5 6 7 8 10 11 | 11.6
Fire Magic     | 4 6 8 9 10 11 12 13 14 | 14.8
Dodging        | 3 4 5 |  5.0
Fighting       | 1 2 3 |  3.0
Unarmed Combat | 1 |  1.0
Hexes          | 1 2 4 |  4.2
Throwing       | 1 2 |  2.3
Short Blades   | 1 2 |  2.1
Summonings     | 2 5 |  5.5
Invocations    | 1 5 |  5.5
Shields        | 2 |  2.7
Translocations | 2 |  2.6
Air Magic      | |  0.3

Action                     |  1- 3 |  4- 6 |  7- 9 | 10-12 || total
---------------------------+-------+-------+-------+-------++-------
  Melee: Unarmed           |     8 |       |       |       ||     8
         Tentacles         |     2 |       |       |     2 ||     4
         Constrict         |     1 |       |       |     4 ||     5
         Dagger            |     1 |       |       |       ||     1
         Short sword       |       |       |       |     5 ||     5
  Throw: Dart              |       |       |     2 |     6 ||     8
   Cast: Foxfire           |     5 |     3 |    13 |    23 ||    44
         Scorch            |     1 |     7 |    11 |    23 ||    42
         Flame Wave        |       |     1 |     3 |     8 ||    12
         Inner Flame       |       |       |     3 |    15 ||    18
         Fireball          |       |       |       |    15 ||    15
         Summon Guardian G |       |       |       |     7 ||     7
         Iskenderun's Myst |       |       |       |     3 ||     3
         Swiftness         |       |       |       |     1 ||     1
  Evoke: Wand              |       |       |     1 |     1 ||     2
    Use: Potion            |     1 |       |       |     6 ||     7
         Scroll            |       |       |       |     4 ||     4
   Stab: Sleeping          |       |       |       |     1 ||     1
 Armour: Skin              |       |       |     1 |     1 ||     2
  Dodge: Dodged            |     2 |     4 |     5 |     6 ||    17

Table legend: (Time is in decaauts)
 A = Elapsed time spent in this place.
 B = Non-inter-level travel time spent in this place.
 C = Inter-level travel time spent in this place.
 D = Time resting spent in this place.
 E = Time spent auto-exploring this place.
 F = Levels seen in this place.
 G = Mean time per level.
                   A        B        C        D        E       F      G
               +--------+--------+--------+--------+--------+-----+--------+
         Total |   2619 |   2566 |     53 |   1376 |      0 |   1 | 2619.0 |
       Dungeon |   2619 |   2566 |     53 |   1376 |      0 |   1 | 2619.0 |
               +--------+--------+--------+--------+--------+-----+--------+

Top non-repeatable levels by time:
       D: 2619 daAuts
